Map: Abiogênese LE

Players

scorecs

  • Race: Zerg Zerg
  • League: Silver
  • Spawn Location: 5:00

IagoAbreu - Winner!

  • Race: Zerg Zerg
  • League: Gold
  • Spawn Location: 11:00

VOD

Have the link to the VOD?

Description

Time

  • Played on: April 10, 2018, 2:46 p.m.
  • Length: 11:57
Show
View Real Time Build Order
Export as new Build Order

scorecs Zerg 

Build Orders: Pool First 

Get SALT Encoding   

  12  0:02  Drone  
  13  0:10  Drone  
  14  0:16  Overlord  
  15  0:35  Drone x3  
  17  0:54  Spawning Pool  
  16  1:01  Drone x2, Extractor  
  17  1:22  Drone x2  
  17  1:25  Hatchery  
  18  1:28  Extractor  
  18  1:31  Drone  
  18  1:41  Queen  
  20  1:56  Drone  
  20  1:58  Drone  
  22  2:15  Overlord  
  22  2:16  Overlord  
  22  2:33  Zergling x2  
  23  2:41  Zergling x2  
  24  2:45  Zergling x4  
  24  2:47  Metabolic Boost  
  26  2:56  Overlord  
  26  2:59  Zergling x4  
  26  3:00  Zergling x2  
  29  3:40  Zergling x2  
  29  3:41  Drone x2  
  31  3:45  Lair  
  32  3:53  Hatchery  
  32  3:54  Drone  
  32  4:03  Evolution Chamber  
  31  4:16  Drone x2  
  33  4:45  Roach Warren  
  32  4:48  Drone x5  
  37  5:12  Queen  
  39  5:22  Spire  
  38  5:33  Roach x3  
  36  5:44  Zergling x6  
  39  6:13  Baneling Nest  
  39  6:16  Drone x2  
  40  6:19  Zergling x6  
  43  6:28  Drone x2  
  45  6:36  Mutalisk x3  
  40  6:52  Mutalisk  
  42  6:58  Baneling x7  
  42  6:59  Baneling x5  
  36  7:30  Mutalisk x3  
  42  7:50  Hatchery  
  41  8:14  Queen  
  43  8:33  Drone x3  
  46  8:53  Extractor  
  45  8:57  Extractor  
  44  9:06  Infestation Pit  
  44  9:07  Drone x3  
  44  9:09  Queen  
  48  9:33  Mutalisk x2  
  48  9:35  Overlord x2  
  52  9:39  Overlord x3  
  52  9:52  Queen  
  52  9:53  Overlord x3  
  54  10:00  Overseer x2  
  54  10:17  Drone x3  
  57  10:54  Mutalisk x4  
  57  10:55  Mutalisk x4  
  57  10:56  Hatchery  
  72  11:04  Overlord  
Show
View Real Time Build Order
Export as new Build Order

IagoAbreu Zerg - Winner!

Build Orders: Pool First 

Get SALT Encoding   

  12  0:02  Drone  
  13  0:22  Spawning Pool  
  13  0:26  Drone  
  13  0:35  Overlord  
  13  0:43  Drone  
  14  0:57  Drone x2  
  16  1:13  Hatchery  
  15  1:24  Queen  
  17  1:28  Zergling x2  
  17  1:31  Zergling x2  
  19  1:34  Zergling x2  
  20  1:40  Extractor  
  20  1:41  Drone  
  20  1:51  Drone  
  22  2:01  Drone  
  22  2:14  Overlord  
  22  2:24  Queen  
  22  2:27  Overlord  
  24  2:35  Zergling x2  
  24  2:36  Zergling x4  
  27  2:54  Drone  
  25  3:16  Drone x2  
  25  3:19  Metabolic Boost, Extractor  
  23  3:42  Drone x2  
  23  3:43  Drone x4  
  23  3:45  Zergling x10  
  34  3:49  Queen  
  34  3:55  Evolution Chamber  
  35  3:58  Roach Warren  
  35  3:59  Drone  
  35  4:04  Drone  
  36  4:17  Zergling x10  
  41  4:41  Zerg Melee Weapons Level 1  
  41  4:47  Zergling x6  
  41  4:49  Overlord x3  
  44  5:12  Zergling x2  
  44  5:13  Zergling x10  
  50  5:28  Drone x3  
  53  5:36  Zergling x6  
  55  5:56  Hatchery  
  54  6:06  Lair  
  54  6:11  Roach x6  
  62  6:13  Overlord x2  
  62  6:16  Overlord  
  48  7:35  Hydralisk Den  
  45  7:57  Pneumatized Carapace  
  45  8:01  Burrow  
  44  8:06  Drone  
  44  8:07  Drone x5  
  44  8:10  Hydralisk x6  
  44  8:11  Hydralisk x7  
  76  8:13  Zergling x6  
  76  8:18  Extractor  
  76  8:19  Extractor  
  77  8:32  Hydralisk x2  
  81  8:34  Zergling x2  
  81  8:35  Overlord  
  81  8:36  Overlord x2  
  82  8:55  Drone x4  
  86  9:04  Drone  
  86  9:05  Drone x2  
  86  9:06  Hydralisk x3  
  86  9:09  Zergling x2  
  96  9:11  Zerg Missile Weapons Level 1  
  96  9:41  Hydralisk x3  
  96  9:42  Hydralisk x2  
  106  9:46  Overlord x3  
  106  10:29  Hydralisk  
  106  10:30  Hydralisk x6  
  106  10:31  Hydralisk  
  106  10:32  Zergling x10  
  106  10:33  Zergling x4  
  129  10:46  Extractor  
  129  10:48  Extractor  
  129  10:49  Drone x2  
  129  10:51  Overlord x2  
Tags
 
Add a new tag
Caveats
  • Supply blocks, unpowered buildings, or Contaminate may cause inaccurate times.
  • Supply counts are checked every 10 seconds.